 Dungeon Crawl Stone Soup version 0.20.1-2-g1830e616b0 (webtiles) character file.

21 sqayer666 the Scratcher (level 2, 0/12 HPs)
             Began as a Felid Transmuter on Apr 30, 2022.
             Slain by a dart slug (1 damage)
             ... on level 1 of the Dungeon.
             The game lasted 00:05:58 (815 turns).

sqayer666 the Scratcher (Felid Transmuter)           Turns: 815, Time: 00:05:59

Health: 0/12       AC:  1    Str:  3 (6)  XL:     2   Next: 62%
Magic:  6/6        EV: 17    Int: 13 (14) God:
Gold:   63         SH:  0    Dex: 13 (16) Spells: 2/5 levels left
                                        Lives:  0   Deaths: 0

rFire    . . .     SeeInvis +     - Unarmed
rCold    . . .     Gourm    .   (shield unavailable)
rNeg     . . .     Faith    .   (armour unavailable)
rPois    .         Spirit   .   (helmet unavailable)
rElec    .         Reflect  .   (cloak unavailable)
rCorr    .         Harm     .   (gloves unavailable)
MR       .....                  (boots unavailable)
Stlth    +++.......             (no amulet)
Regen    0.1/turn               (no ring)
MPRegen  0.1/turn               (no ring)

@: quick
A: no armour, no weapons or thrown items, stealth, claws 1, fangs 3, see
invisible, carnivore 3, speed 1, shaggy fur 1, slow metabolism 1, sharp paws
a: no special abilities


You were on level 1 of the Dungeon.
You were completely stuffed.

You visited 1 branch of the dungeon, and saw 1 of its levels.

You collected 63 gold pieces.

Inventory:

Missiles
 a - 29 arrows
Scrolls
 e - a scroll of enchant armour {unknown}
Potions
 d - a potion of degeneration
 f - a potion of ambrosia {unknown}
 h - a potion of might {unknown}
 i - a potion of curing {unknown}
Books
 b - a book of Changes

   Spells                             Type                      Level
   a - Beastly Appendage              Transmutation                1
   b - Sticks to Snakes               Transmutation                2
   c - Spider Form                    Transmutation/Poison         3
   d - Ice Form                       Ice/Transmutation            4
   e - Blade Hands                    Transmutation                5
Comestibles
 c - a meat ration
 g - a royal jelly


   Skills:
 - Level 1.0 Fighting
 - Level 2.6 Dodging
 * Level 2.7 Stealth
 - Level 3.0 Unarmed Combat
 - Level 2.0 Spellcasting
 + Level 2.7 Transmutations


You had 2 spell levels left.
You knew the following spells:

 Your Spells              Type           Power        Failure   Level  Hunger
a - Beastly Appendage     Tmut           #.....       9%          1    ##.....
b - Sticks to Snakes      Tmut           #.......     12%         2    ###....


Dungeon Overview and Level Annotations

Branches:
Dungeon (1/15)

Altars:


Innate Abilities, Weirdness & Mutations

You cannot wear armour.
You are incapable of wielding weapons or throwing items.
Your paws allow you to move quietly. (Stealth)
You have sharp claws.
You have razor-sharp teeth.
You have supernaturally acute eyesight. (SInv)
You are carnivorous and can eat meat at any time.
You cover ground quickly.
You are covered in fur. (AC +1)
You have a slow metabolism.
Your sharp claws are effective at attacking unaware monsters.


Message History

A dart slug comes into view.
The dart slug launches a dart at you. The slug dart hits you!
Ouch! That really hurt!
The dart slug launches a dart at you. The slug dart hits you!
* * * LOW HITPOINT WARNING * * *
You scratch the dart slug but do no damage.
The dart slug barely misses you.
You scratch the dart slug.
The dart slug is lightly wounded.
The dart slug launches a dart at you. The slug dart misses you.
You scratch the dart slug.
The dart slug is heavily wounded.
It was a potion of degeneration.
There was something very wrong with that liquid.
You feel weakened.
You feel dopey.
You feel clumsy. The dart slug bites you.
You die...

.#.# #..............##.#
.#.# #..............##.#
.#.# ##########.....##.#
.#.# #.....##.# .#.#
#.....##.# .#.#
#.....##.# .#.#
.....##.# .#.# #w...##.#
.#.# #@.(.##.#
.#.#############....##.#
....................##.#
.#.############.....##.#
.#.# #.....##.# .#.#
#.###.##.# .#.# #.#
#.##.# ##.# #.# #..#.#
#.# #.# ##.#.#


You could see a dart slug.

Vanquished Creatures
  A leopard gecko (D:1)
  3 bats (D:1)
  A giant cockroach (D:1)
  3 goblins (D:1)
  5 hobgoblins (D:1)
  2 frilled lizards (D:1)
  3 rats (D:1)
18 creatures vanquished.

Notes
Turn   | Place    | Note
-------+----------+-------------------------------------------
     0 | D:1      | sqayer666 the Felid Transmuter began the quest for the Orb.
     0 | D:1      | Reached XP level 1. HP: 9/9 MP: 4/4
   143 | D:1      | Reached skill level 1 in Stealth
   283 | D:1      | Reached XP level 2. HP: 12/12 MP: 6/6
   375 | D:1      | Learned a level 2 spell: Sticks to Snakes
   815 | D:1      | Slain by a dart slug

Skill      XL: |  1 |
---------------+----+-----
Stealth        | 2 |  2.7
Fighting       | |  1.0
Dodging        | |  2.6
Unarmed Combat | |  3.0
Spellcasting   | |  2.0
Transmutations | |  2.7

Action                   || total
-------------------------++-------
Melee: Unarmed           ||    48
       Headbutt          ||     3
       Bite              ||     1
 Cast: Beastly Appendage ||     5
  Use: Potion            ||     1
 Stab: Sleeping          ||     6
       Distracted        ||     1
  Eat: Chunk             ||     7
Armor: Skin              ||     3
Dodge: Dodged            ||    46
